[Event "Titled Tuesday Blitz August 16 Late 2022"]
[White "Claverie, Christophe"]
[Black "Mendez Fortes, Eduardo Jesus"]
[WhiteFideId "605514"]
[BlackFideId "3502376"]
[WhiteElo "2300"]
[BlackElo "2307"]
[Result "0-1"]
[Round "11"]
[TimeControl "180+1"]
[Date "2022.08.18"]
[WhiteClock "0:00:00"]
[BlackClock "0:00:00"]

1. d4 Nf6 2. Bg5 Ne4 3. Bf4 c5 4. dxc5 Qa5+ 5. Nd2 Nxd2 6. Qxd2 Qxc5 7. e4 Nc6 8. Ne2 g6 9. Be3 Qe5 10. Nc3 Bg7 11. f4 Qa5 12. e5 O-O 13. Nd5 Qd8 14. O-O-O d6 15. exd6 Qxd6 16. Nc3 Qxd2+ 17. Bxd2 Bf5 18. Nd5 Rac8 19. Ne3 Be4 20. c3 Nb4 21. b3 Nxa2+ 22. Kb2 Nxc3 0-1


[Site "https://www.chess.com"]

[Event "Titled Tuesday Blitz August 16 Late 2022"]
[White "Djordjevic, Vuk"]
[Black "Romanchuk, Viktor"]
[WhiteFideId "902098"]
[BlackFideId "14109271"]
[WhiteElo "2456"]
[BlackElo "2242"]
[Result "1/2-1/2"]
[Round "11"]
[TimeControl "180+1"]
[Date "2022.08.16"]
[WhiteClock "0:00:05"]
[BlackClock "0:00:07"]

1. Nf3 d5 2. d3 c6 3. b3 Bf5 4. g3 e6 5. Bg2 Nd7 6. Bb2 Ngf6 7. Nh4 Bg4 8. h3 Bh5 9. g4 Ng8 10. Nf3 Bg6 11. Nbd2 Ngf6 12. Nh4 Bd6 13. e3 Be5 14. Bxe5 Nxe5 15. f4 Ned7 16. Ndf3 Qa5+ 17. Qd2 Qxd2+ 18. Kxd2 Ng8 19. Nd4 Ne7 20. a4 e5 21. Ne2 f6 22. fxe5 Nxe5 23. d4 Nf7 24. Nxg6 hxg6 25. c4 O-O-O 26. Nf4 dxc4 27. bxc4 g5 28. Ne6 Rdg8 29. e4 Ng6 30. Ra3 Nd8 31. Nc5 Nf4 32. Bf1 Nde6 33. Nxe6 Nxe6 34. d5 Nc5 35. Bg2 Kc7 36. a5 Re8 37. Re1 Re5 38. Rae3 Rhe8 39. Kc3 Kd6 40. Kd4 b6 41. axb6 axb6 42. Rb1 Kc7 43. Re2 Nd7 44. Ra2 Kd6 45. Ra7 cxd5 46. cxd5 Rc8 47. Ra6 Rc2 48. Bf1 Re8 49. Bb5 Rec8 50. Bxd7 Kxd7 51. Ra7+ Kd8 52. Rxb6 R8c4+ 53. Kd3 R4c3+ 54. Kd4 Rc4+ 55. Kd3 R4c3+ 56. Kd4 Rc4+ 1/2-1/2


[Site "https://www.chess.com"]

[Event "Titled Tuesday Blitz August 16 Late 2022"]
[White "Do Nascimento,Christian Almeida"]
[Black "Kostiukov, Alexandr"]
[WhiteFideId "2143801"]
[BlackFideId "14108100"]
[WhiteElo "2085"]
[BlackElo "2202"]
[Result "1-0"]
[Round "11"]
[TimeControl "180+1"]
[Date "2022.08.18"]
[WhiteClock "0:00:00"]
[BlackClock "0:00:00"]

1. d4 g6 2. e4 Bg7 3. Nc3 c5 4. Nf3 cxd4 5. Nxd4 Nc6 6. Be3 Nf6 7. Bc4 Qa5 8. O-O Qb4 9. Bb3 Nxe4 10. Nxe4 Nxd4 11. c3 Ne2+ 12. Qxe2 Qxe4 13. Rfe1 O-O 14. Qd2 Qc6 15. Bh6 e6 16. Rad1 d5 17. Bxg7 Kxg7 18. Re3 f6 19. h4 h5 20. Rg3 Kh7 21. Bc2 f5 22. Qg5 Rg8 23. Re1 Qd6 24. Qf6 Qd8 25. Rxg6 Qxf6 26. Rxf6 Bd7 27. Rf7+ Rg7 28. Bxf5+ Kg8 29. Rxd7 1-0


[Site "https://www.chess.com"]

[Event "Titled Tuesday Blitz August 16 Late 2022"]
[White "Ferreira, Vitor Hugo Vieira"]
[Black "Hoffmann, Asa"]
[WhiteFideId "2119765"]
[BlackFideId "2001470"]
[WhiteElo "2168"]
[BlackElo "2117"]
[Result "1-0"]
[Round "11"]
[TimeControl "180+1"]
[Date "2022.08.18"]
[WhiteClock "0:00:00"]
[BlackClock "0:00:00"]

1. e4 d6 2. d4 Nf6 3. Nc3 c6 4. Nf3 Bg4 5. Be2 e6 6. Be3 d5 7. e5 Nfd7 8. Ng1 Bf5 9. Bd3 Bg6 10. Nce2 c5 11. c3 Nc6 12. Nf3 Qb6 13. Rb1 cxd4 14. cxd4 Bb4+ 15. Nc3 O-O 16. O-O Rac8 17. Na4 Qd8 18. Bxg6 hxg6 19. Ng5 Be7 20. Qg4 Bxg5 21. Bxg5 Qa5 22. Nc3 Nb6 23. Rfd1 Nc4 24. Rd3 Nd8 25. Rh3 f6 26. Bxf6 Rxf6 27. exf6 Kf7 28. fxg7 Kxg7 29. Rg3 1-0


[Site "https://www.chess.com"]

[Event "Titled Tuesday Blitz August 16 Late 2022"]
[White "Filgueira, Hernan"]
[Black "Kujawski, Adam"]
[WhiteFideId "101770"]
[BlackFideId "1100920"]
[WhiteElo "2363"]
[BlackElo "1972"]
[Result "1/2-1/2"]
[Round "11"]
[TimeControl "180+1"]
[Date "2022.08.18"]
[WhiteClock "0:00:00"]
[BlackClock "0:00:00"]

1. Nf3 d5 2. g3 Nc6 3. d4 Bf5 4. Bg2 Nb4 5. Na3 e6 6. O-O h6 7. c3 Na6 8. Nc2 Nf6 9. Ne3 Bh7 10. Qb3 Rb8 11. Ne5 Be7 12. Qb5+ c6 13. Qa4 Qb6 14. N3g4 Nxg4 15. Nxg4 O-O 16. Ne5 Rfd8 17. b3 Nc7 18. Ba3 Bxa3 19. Qxa3 Ne8 20. Qe7 Qc7 21. Qa3 b6 22. Rfd1 c5 23. Rac1 Rbc8 24. e3 Nd6 25. Bf1 f6 26. Nf3 Ne4 27. c4 dxc4 28. Bxc4 Qe7 29. dxc5 Rxd1+ 30. Rxd1 Nxc5 31. b4 Ne4 32. Qb3 Kh8 33. Ba6 Rd8 34. Rxd8+ Qxd8 35. Qxe6 Qd1+ 36. Kg2 Qc2 37. Qe8+ Bg8 38. Nh4 Qxf2+ 39. Kh1 Qe1+ 40. Kg2 Qd2+ 41. Kg1 Qe1+ 42. Kg2 Qd2+ 43. Kh1 Qe1+ 44. Kg2 1/2-1/2


[Site "https://www.chess.com"]

[Event "Titled Tuesday Blitz August 16 Late 2022"]
[White "Floresvillar Gonzalez, Luis Migu"]
[Black "Ferriz Barrios, Andres"]
[WhiteFideId "5100542"]
[BlackFideId "5104467"]
[WhiteElo "2040"]
[BlackElo "2102"]
[Result "0-1"]
[Round "11"]
[TimeControl "180+1"]
[Date "2022.08.18"]
[WhiteClock "0:00:00"]
[BlackClock "0:00:00"]

1. d4 e5 2. dxe5 Bc5 3. Nf3 d6 4. exd6 Ne7 5. Bg5 f6 6. Bh4 cxd6 7. e3 Bg4 8. Bb5+ Nbc6 9. O-O Qb6 10. a4 O-O 11. Nc3 Ne5 12. Be2 Be6 13. b3 Rac8 14. Ne4 Bf5 15. Nxc5 dxc5 16. Nxe5 fxe5 17. Bxe7 Rfe8 18. Bc4+ Kh8 19. Bh4 Qg6 20. Rc1 a6 21. Qf3 Be4 22. Qg3 Qc6 23. c3 b5 24. axb5 axb5 25. Be2 Ra8 26. f3 Bg6 27. Ra1 h6 28. Rfd1 Kh7 29. e4 b4 30. c4 Rxa1 31. Rxa1 Bf7 32. Qf2 g5 33. Bg3 Kg6 34. Ra7 Qb6 35. Rd7 Be6 36. Rd2 Bc8 37. h3 Bb7 38. Qe3 h5 39. Qd3 Re6 40. Qd8 Qxd8 41. Rxd8 h4 42. Bf2 Ra6 43. Rd5 Bxd5 44. exd5 Ra2 45. Bd3+ Kf6 46. Bxc5 Rd2 47. Be4 Rd1+ 48. Kh2 Rd2 49. Bxb4 Rb2 50. Bc3 Rxb3 51. Be1 Re3 52. Bf2 Re2 53. c5 Rxf2 54. c6 Ke7 55. Kg1 Ra2 56. Kf1 Kd6 0-1


[Site "https://www.chess.com"]

[Event "Titled Tuesday Blitz August 16 Late 2022"]
[White "Fus, Jakub"]
[Black "Lenderman, Aleksandr"]
[WhiteFideId "1193023"]
[BlackFideId "2021285"]
[WhiteElo "2220"]
[BlackElo "2607"]
[Result "1-0"]
[Round "11"]
[TimeControl "180+1"]
[Date "2022.08.16"]
[WhiteClock "0:00:06"]
[BlackClock "0:00:02"]

1. e4 e6 2. d4 d5 3. Nc3 dxe4 4. Nxe4 Nd7 5. Nf3 Ngf6 6. Nxf6+ Nxf6 7. g3 b6 8. Bb5+ Bd7 9. a4 a6 10. Be2 Bc6 11. O-O Be7 12. Ne5 Bb7 13. Bf3 Bxf3 14. Qxf3 Qd5 15. Qxd5 Nxd5 16. c4 Nb4 17. Be3 f6 18. Nf3 Kf7 19. Rfc1 a5 20. Bd2 Rhd8 21. Bxb4 Bxb4 22. Rd1 Rd7 23. Kf1 Rad8 24. Ke2 g5 25. g4 h5 26. h3 Rh8 27. Rd3 Kg6 28. Re3 Kf7 29. Rd1 Bd6 30. c5 Bf4 31. Rc3 hxg4 32. hxg4 bxc5 33. Rxc5 Rb8 34. Rxa5 Rxb2+ 35. Kf1 Kg6 36. Ra6 Rh7 37. Kg2 Bd6 38. Re1 Kf7 39. Ra7 Ra2 40. a5 Rh8 41. Rb1 Ke7 42. a6 f5 43. gxf5 exf5 44. Re1+ Kf6 45. Ne5 g4 46. Kg1 Ra4 47. Nd7+ Kg5 48. Nc5 Bxc5 49. dxc5 c6 50. Kg2 Kf4 51. Rd1 Ra5 52. Rd4+ Ke5 53. Rc4 Kd5 54. Rc1 Ke5 55. Re7+ Kf4 56. a7 Ra8 57. Rc4+ Kg5 58. Rg7+ Kf6 59. Rc7 R8xa7 60. Rxc6+ Kg5 61. Rc8 Ra2 62. c6 f4 63. c7 f3+ 64. Kg3 Rxf2 65. Rg8+ 1-0


[Site "https://www.chess.com"]

[Event "Titled Tuesday Blitz August 16 Late 2022"]
[White "Gomez Ledo, Roberto Carlos"]
[Black "Proudian, Armen"]
[WhiteFideId "3507076"]
[BlackFideId "2130734"]
[WhiteElo "2379"]
[BlackElo "2380"]
[Result "0-1"]
[Round "11"]
[TimeControl "180+1"]
[Date "2022.08.16"]
[WhiteClock "0:00:01"]
[BlackClock "0:00:06"]

1. d4 Nf6 2. Bf4 e6 3. e3 d5 4. Nd2 Bd6 5. Bg3 b6 6. Bb5+ c6 7. Bd3 Bb7 8. Ngf3 O-O 9. e4 dxe4 10. Nxe4 Be7 11. Qe2 c5 12. dxc5 Nbd7 13. cxb6 Qxb6 14. O-O Nxe4 15. Bxe4 Bxe4 16. Qxe4 Qxb2 17. Rab1 Qa3 18. Qb7 Nb6 19. Ne5 Bf6 20. Rfd1 Qxa2 21. c4 Bxe5 22. Bxe5 Qxc4 23. Qf3 Qc2 24. Rb4 Rad8 25. Ra1 Qf5 26. Qxf5 exf5 27. h4 Rd7 28. Bd4 Nd5 29. Rba4 Ra8 30. Rxa7 Raxa7 31. Rxa7 Rxa7 32. Bxa7 g6 33. g3 f4 34. Kg2 fxg3 35. fxg3 f5 36. Bd4 Kf7 37. Kf3 h5 38. Bb2 Ke6 39. Ba1 Nf6 40. Bd4 Nd7 41. Kf4 Kf7 42. Kg5 Nf8 43. Kh6 Ne6 0-1


[Site "https://www.chess.com"]

[Event "Titled Tuesday Blitz August 16 Late 2022"]
[White "Grischuk, Alexander"]
[Black "Kamsky, Gata"]
[WhiteFideId "4126025"]
[BlackFideId "2000024"]
[WhiteElo "2762"]
[BlackElo "2666"]
[Result "1-0"]
[Round "11"]
[TimeControl "180+1"]
[Date "2022.08.16"]
[WhiteClock "0:00:26"]
[BlackClock "0:00:11"]

1. d4 f5 2. Bg5 g6 3. Nc3 Bg7 4. Nf3 c5 5. dxc5 Qa5 6. Bd2 Qxc5 7. e4 Nf6 8. exf5 gxf5 9. Bd3 O-O 10. O-O d5 11. Be3 Qa5 12. Qd2 Nc6 13. Bh6 Ne4 14. Bxe4 fxe4 15. Bxg7 Kxg7 16. Qg5+ Kh8 17. Ne5 Be6 18. Nxc6 bxc6 19. Qe5+ Rf6 20. Nxe4 1-0


[Site "https://www.chess.com"]

[Event "Titled Tuesday Blitz August 16 Late 2022"]
[White "Harvey, Marcus R"]
[Black "Al Hosani, Omran"]
[WhiteFideId "400092"]
[BlackFideId "9308733"]
[WhiteElo "2485"]
[BlackElo "2236"]
[Result "1-0"]
[Round "11"]
[TimeControl "180+1"]
[Date "2022.08.16"]
[WhiteClock "0:00:06"]
[BlackClock "0:00:02"]

1. d4 Nf6 2. Nf3 e6 3. c4 d5 4. Nc3 Be7 5. Bf4 O-O 6. e3 b6 7. cxd5 exd5 8. Bd3 Bb7 9. O-O c5 10. Rc1 Nc6 11. Bb1 Rc8 12. Ne5 Nxe5 13. Bxe5 g6 14. Qf3 Nh5 15. Rfd1 f6 16. Bf4 Nxf4 17. Qxf4 Qd6 18. Qxd6 Bxd6 19. dxc5 Bxc5 20. a3 Kg7 21. Ba2 Rfd8 22. Nxd5 Bxd5 23. Rxd5 Rxd5 24. Bxd5 Rd8 25. e4 a5 26. Kf1 f5 27. Ke2 fxe4 28. Bxe4 Kf6 29. f3 h6 30. Rc4 g5 31. b4 axb4 32. axb4 Rd4 33. bxc5 Rxc4 34. cxb6 Rb4 35. b7 Ke5 36. Kf2 h5 37. Kg3 Rb2 38. h4 Kf6 39. hxg5+ Kxg5 40. f4+ Kh6 41. Kh4 Rb4 42. g3 Rb2 43. Kh3 Rb4 44. Bf3 Rb3 45. Kg2 Rb2+ 46. Kf1 Rb3 47. Ke2 Rb2+ 48. Ke3 Kg6 49. Be4+ Kf6 50. Kd4 Ke6 51. Ke3 Kd6 52. Bf3 1-0


[Site "https://www.chess.com"]

[Event "Titled Tuesday Blitz August 16 Late 2022"]
[White "Howell, David W L"]
[Black "Kambrath, Yannick"]
[WhiteFideId "410608"]
[BlackFideId "20632525"]
[WhiteElo "2559"]
[BlackElo "2236"]
[Result "1-0"]
[Round "11"]
[TimeControl "180+1"]
[Date "2022.08.16"]
[WhiteClock "0:00:03"]
[BlackClock "0:00:07"]

1. c4 e5 2. Nc3 Nc6 3. Nf3 Nf6 4. e3 Bb4 5. Qc2 d6 6. Ne2 a6 7. a3 Bc5 8. b4 Ba7 9. Bb2 O-O 10. Ng3 Re8 11. Be2 Be6 12. O-O Qd7 13. Ng5 Bg4 14. f3 h6 15. fxg4 hxg5 16. Rxf6 gxf6 17. Rf1 Re6 18. Nh5 Qd8 19. Qf5 Qf8 20. Nxf6+ Rxf6 21. Qxf6 Qg7 22. Bd3 Qxf6 23. Rxf6 Kg7 24. Rf1 a5 25. b5 Nd8 26. Be4 Rc8 27. a4 f6 28. Bc3 Bb6 29. Bf5 Rb8 30. Kf2 Kf7 31. g3 Ne6 32. h4 Nc5 33. Bc2 Kg7 34. Ke2 Rh8 35. h5 Nd7 36. Bf5 Nc5 37. Bc2 Nd7 38. Kd1 Bc5 39. Kc1 Bb4 40. Bb2 b6 41. Rf2 Nc5 42. Kd1 Ne6 43. Ke2 Nd8 44. Kf3 Kf7 45. Bf5 Ne6 46. Bxe6+ Kxe6 47. Ke4 Rh7 48. Ba1 Rh8 49. d4 Rh7 50. Bb2 Rh8 51. Rh2 Rh6 52. Bc1 Bc3 53. Rc2 Bb4 54. Rf2 Rh7 55. Rf3 Rh6 56. Kd3 Rh7 57. Bb2 Rh6 58. Rf1 Rh7 59. Ke4 Rh6 60. Rc1 Rh7 61. Bc3 Bxc3 62. Rxc3 Rh6 63. Rc1 Rh7 64. Rf1 Rh8 65. Kd3 Rh7 66. Rf5 Rh8 67. Kc3 Rh7 68. Kd2 Rh8 69. Kd3 Rh7 70. Kc3 Rh6 71. c5 Rh7 72. Kc4 d5+ 73. Kc3 e4 74. Rf1 Rh8 75. Kd2 Rh7 76. Rc1 f5 77. cxb6 cxb6 78. Rc6+ Kd7 79. Rxb6 Kc7 80. Rc6+ Kd7 81. Ra6 Kc8 82. h6 fxg4 83. Kc3 Rf7 84. Rxa5 Rf3 85. h7 Rxe3+ 86. Kb4 1-0


[Site "https://www.chess.com"]

[Event "Titled Tuesday Blitz August 16 Late 2022"]
[White "Ibarra Jerez, Jose Carlos"]
[Black "Bartholomew, John"]
[WhiteFideId "2226332"]
[BlackFideId "2019353"]
[WhiteElo "2628"]
[BlackElo "2712"]
[Result "0-1"]
[Round "11"]
[TimeControl "180+1"]
[Date "2022.08.16"]
[WhiteClock "0:00:02"]
[BlackClock "0:00:17"]

1. e4 d5 2. exd5 Qxd5 3. Nc3 Qa5 4. d4 Nf6 5. Bd2 Bg4 6. f3 Bd7 7. Bc4 Qb6 8. Nge2 e6 9. Be3 a6 10. Qd2 Bb5 11. Bb3 Nbd7 12. Nf4 a5 13. a4 Ba6 14. O-O-O O-O-O 15. Rhe1 Bb4 16. d5 Nc5 17. Qf2 e5 18. Nh3 h6 19. Ba2 Qd6 20. Bd2 Rhe8 21. Qg3 g5 22. Kb1 Nfd7 23. Ne4 Qb6 24. Nxc5 Nxc5 25. Be3 Bc3 26. Bb3 Bxe1 27. Qxe1 e4 28. Qf2 exf3 29. Bxc5 Qf6 30. Qxf3 Qxf3 31. gxf3 Re2 32. Bg1 f5 33. Nf2 Rde8 34. Nd3 Bxd3 35. cxd3 Rg2 36. Bd4 Rxh2 37. Bg7 g4 38. fxg4 fxg4 39. d6 cxd6 40. Rc1+ Kd7 41. Bd5 g3 42. Bxb7 Ree2 43. Bc6+ Ke7 44. Bd4 h5 45. Bf3 Rd2 46. Re1+ Kd7 47. Be4 Rde2 48. Rc1 g2 49. Bg1 Rh1 50. Bf3 Rd2 51. Bc6+ Ke6 52. Be4 h4 53. b4 h3 54. bxa5 h2 55. Bxh2 Rxh2 56. a6 Rb2+ 57. Ka1 Ra2+ 58. Kb1 Rxa4 59. Bb7 Ke5 60. Re1+ Kd4 61. Re4+ Kc3 62. Re1 g1=Q 63. Rxg1 Rb2+ 64. Kc1 Ra1# 0-1


[Site "https://www.chess.com"]

[Event "Titled Tuesday Blitz August 16 Late 2022"]
[White "Karaev, Seit-Amet"]
[Black "Csonka, Balazs"]
[WhiteFideId "4169549"]
[BlackFideId "742910"]
[WhiteElo "2272"]
[BlackElo "2404"]
[Result "1-0"]
[Round "11"]
[TimeControl "180+1"]
[Date "2022.08.16"]
[WhiteClock "0:00:08"]
[BlackClock "0:00:03"]

1. e4 c6 2. d4 d5 3. e5 c5 4. c3 Nc6 5. Nf3 cxd4 6. Nxd4 Nxe5 7. f4 Nc6 8. Bd3 g6 9. O-O Bg7 10. Be3 Nf6 11. f5 O-O 12. Nd2 e5 13. Nxc6 bxc6 14. fxg6 hxg6 15. Kh1 Re8 16. Bg5 Qd6 17. Qe1 e4 18. Be2 Nh7 19. Be3 f5 20. Nb3 Be5 21. Qh4 Qf6 22. Qf2 Rf8 23. g3 Ng5 24. Bd4 Ne6 25. Rac1 Bd7 26. Ba6 g5 27. Bxe5 Qxe5 28. Nd4 Nxd4 29. cxd4 Qf6 30. Be2 Rae8 31. Rc3 Re7 32. Qg1 Rg7 33. b4 f4 34. b5 cxb5 35. Rc5 f3 36. Bxb5 Bxb5 37. Rxb5 Rh7 38. Rxd5 g4 39. Re5 Qg6 40. Qe3 Qh6 41. Qxh6 Rxh6 42. Rxe4 Rg6 43. h3 gxh3 44. Kh2 Kg7 45. Kxh3 Rh8+ 46. Rh4 Rd8 47. Rxf3 Rdd6 48. Rhf4 Rh6+ 49. Kg2 Rhe6 50. Rf7+ Kg6 51. Rxa7 Rxd4 52. Raa3 Rd2+ 53. Rf2 Rd4 54. Raf3 Ra4 55. a3 Rea6 56. Ra2 Kg5 57. Kh3 Rh6+ 58. Kg2 Rha6 59. Rb3 Kg4 60. Rc3 Kg5 61. Rf3 Kg4 62. Re3 Kg5 63. Kf3 Ra8 64. Rc3 R8a5 65. Ke3 Kg4 66. Kd2 Rd5+ 67. Kc2 Rda5 68. Kb3 Ra8 69. Rc4+ Rxc4 70. Kxc4 Kxg3 71. a4 Kf4 72. Kc5 Ke5 73. a5 Rc8+ 74. Kb6 Kd6 75. Rd2+ Ke7 76. a6 Rb8+ 77. Kc7 Rb1 78. Re2+ Kf6 79. Ra2 Rc1+ 80. Kd6 Rd1+ 81. Kc5 Rc1+ 82. Kb4 Rb1+ 83. Ka5 Rb8 84. a7 Ra8 85. Kb6 1-0


[Site "https://www.chess.com"]

[Event "Titled Tuesday Blitz August 16 Late 2022"]
[White "Koepke, Christian"]
[Black "Kim, Sergey"]
[WhiteFideId "4655737"]
[BlackFideId "13700570"]
[WhiteElo "2188"]
[BlackElo "2601"]
[Result "0-1"]
[Round "11"]
[TimeControl "180+1"]
[Date "2022.08.16"]
[WhiteClock "0:00:03"]
[BlackClock "0:00:06"]

1. e4 e5 2. Nc3 Nf6 3. d4 exd4 4. Qxd4 Nc6 5. Qd3 Bb4 6. Bd2 O-O 7. O-O-O Re8 8. Nge2 d6 9. Bg5 h6 10. Bxf6 Qxf6 11. Nd5 Qd8 12. Nxb4 Nxb4 13. Qd2 a5 14. Nc3 Be6 15. a3 Nc6 16. f4 Bd7 17. Rg1 Qh4 18. g3 Qh5 19. Nd5 Rac8 20. Be2 Bg4 21. Bxg4 Qxg4 22. Rde1 b6 23. Qg2 Ne7 24. h3 Qe6 25. f5 Qe5 26. Nxe7+ Rxe7 27. g4 Rce8 28. g5 Qf4+ 29. Kb1 Qxg5 30. Qf3 Qf6 31. Rg4 Kh8 32. Reg1 Rg8 33. h4 c6 34. h5 Re5 35. Qf4 Rb5 36. Qc1 Re5 37. Rd1 d5 38. exd5 cxd5 39. Rgd4 Qxf5 40. Qd2 Qxh5 41. Qg2 Rd8 42. Rh1 Qg5 43. Rg4 Qf6 44. Qh2 Rg5 45. Rf4 Qg6 46. Qf2 Kg8 47. Rf1 Rf8 48. Qd4 Rg2 49. R1f2 Rxf2 50. Rxf2 Qe6 51. Rd2 Rd8 52. Rg2 g6 53. Qd2 Kh7 54. Rh2 h5 55. Qd3 Qe4 56. Qf1 Qe6 57. Rf2 Kg7 58. Qb5 d4 59. Qa4 Rd5 60. Ka2 Rf5+ 61. Qb3 Qxb3+ 62. Kxb3 Rxf2 0-1


[Site "https://www.chess.com"]

[Event "Titled Tuesday Blitz August 16 Late 2022"]
[White "Kovacevic, Radmila"]
[Black "Remolar Gallen, Jose"]
[WhiteFideId "933171"]
[BlackFideId "2215187"]
[WhiteElo "2157"]
[BlackElo "2205"]
[Result "0-1"]
[Round "11"]
[TimeControl "180+1"]
[Date "2022.08.18"]
[WhiteClock "0:00:00"]
[BlackClock "0:00:00"]

1. d4 Nf6 2. Nf3 g6 3. b3 Bg7 4. Bb2 O-O 5. Nbd2 d5 6. g3 Bf5 7. Bg2 Ne4 8. Nh4 c5 9. Nxf5 gxf5 10. e3 Nc6 11. c3 cxd4 12. exd4 e6 13. O-O Rc8 14. Nxe4 fxe4 15. f4 f5 16. Qe2 Nb8 17. Rfd1 Nd7 18. Kh1 Nf6 19. h3 Qe8 20. Kh2 Qg6 21. Qe3 Qh6 22. Kg1 Kh8 23. Kf2 Rg8 24. Rg1 Bf8 25. Rad1 Bd6 26. Bf1 Nh5 27. Bc1 Rc7 28. Be2 Nf6 29. Bf1 Rcg7 30. Bd2 Nh5 31. g4 Bxf4 32. Qe2 fxg4 33. hxg4 Rf7 34. Ke1 Bxd2+ 35. Qxd2 e3 36. Qg2 Rf2 37. Qh3 Qg6 0-1


[Site "https://www.chess.com"]

[Event "Titled Tuesday Blitz August 16 Late 2022"]
[White "Krzywda, Andrzej"]
[Black "Romero Ruscalleda, Josep"]
[WhiteFideId "1114565"]
[BlackFideId "2231859"]
[WhiteElo "2098"]
[BlackElo "2193"]
[Result "1-0"]
[Round "11"]
[TimeControl "180+1"]
[Date "2022.08.18"]
[WhiteClock "0:00:00"]
[BlackClock "0:00:00"]

1. e4 g6 2. d4 Bg7 3. Nc3 d6 4. Be3 a6 5. g4 b5 6. Bg2 Bb7 7. h4 h5 8. gxh5 Rxh5 9. Bf3 Rh8 10. h5 gxh5 11. e5 Qc8 12. Rxh5 Bxf3 13. Qxf3 Rxh5 14. Qxh5 Nc6 15. e6 Qxe6 16. d5 Bxc3+ 17. bxc3 Qf6 18. Ne2 Ne5 19. a4 bxa4 20. Qh7 Qg6 21. Qh3 Qxc2 22. Kf1 a3 23. Bd4 a2 24. Bxe5 dxe5 25. Qg4 Qb1+ 26. Kg2 Nf6 27. Qa4+ Nd7 28. Rxa2 Qg6+ 29. Ng3 f5 30. Kf1 f4 31. Ne4 Qg4 32. Rb2 Qh3+ 33. Ke2 Qh5+ 34. f3 Qh2+ 35. Nf2 Rd8 36. Qc6 Qh5 37. Rb4 Qf5 38. Re4 Kf7 39. Ng4 Rh8 40. Nh6+ Rxh6 41. Qxh6 Nf6 42. Ra4 1-0


[Site "https://www.chess.com"]

[Event "Titled Tuesday Blitz August 16 Late 2022"]
[White "Leitao, Rafael"]
[Black "Jorajuria Mendoza, Algol"]
[WhiteFideId "2101246"]
[BlackFideId "5128897"]
[WhiteElo "2609"]
[BlackElo "1600"]
[Result "1-0"]
[Round "11"]
[TimeControl "180+1"]
[Date "2022.08.18"]
[WhiteClock "0:00:00"]
[BlackClock "0:00:00"]

1. c4 e5 2. Nc3 Nc6 3. Nf3 Bb4 4. d3 Nf6 5. Bd2 O-O 6. g3 d5 7. cxd5 Nxd5 8. Bg2 Be6 9. O-O Qd7 10. Rc1 Rad8 11. Nxd5 Bxd2 12. Nf6+ gxf6 13. Nxd2 Bd5 14. Bxd5 Qxd5 15. Ne4 Kg7 16. Rc5 Qxa2 17. f4 Qxb2 18. e3 f5 19. Ng5 h6 20. Nf3 e4 21. Nh4 Rxd3 22. Qh5 Ne7 23. Rxc7 Ng6 24. Qxg6+ 1-0


[Site "https://www.chess.com"]

[Event "Titled Tuesday Blitz August 16 Late 2022"]
[White "Lopez Perdomo, Juan David"]
[Black "Thiel, Thomas"]
[WhiteFideId "4405137"]
[BlackFideId "4615964"]
[WhiteElo "1965"]
[BlackElo "2230"]
[Result "0-1"]
[Round "11"]
[TimeControl "180+1"]
[Date "2022.08.18"]
[WhiteClock "0:00:00"]
[BlackClock "0:00:00"]

1. e4 d5 2. exd5 Nf6 3. Nf3 Nxd5 4. Be2 g6 5. O-O Bg7 6. d4 O-O 7. c3 Nc6 8. Bg5 h6 9. Bh4 Nf4 10. Bc4 Bg4 11. Nbd2 Qd7 12. Bg3 Nh5 13. Qc2 Nxg3 14. hxg3 e5 15. Qxg6 exd4 16. Nxd4 Nxd4 17. cxd4 Qxd4 18. Ne4 Be2 19. Bb3 Bd3 20. Rfe1 Rad8 21. Rad1 Bxe4 22. Bxf7+ Kh8 23. Qh5 Qb4 24. a3 Rxd1 25. axb4 Rxe1+ 26. Kh2 Bh7 27. f4 Re7 0-1


[Site "https://www.chess.com"]

[Event "Titled Tuesday Blitz August 16 Late 2022"]
[White "Martinez Reyes, Pedro Ramon"]
[Black "Yaksin, Oleg"]
[WhiteFideId "3901807"]
[BlackFideId "24105880"]
[WhiteElo "2327"]
[BlackElo "2256"]
[Result "0-1"]
[Round "11"]
[TimeControl "180+1"]
[Date "2022.08.16"]
[WhiteClock "0:01:08"]
[BlackClock "0:00:44"]

1. d4 f5 2. Bf4 Nf6 3. e3 g6 4. Nf3 Bg7 5. h3 d6 6. c4 O-O 7. Nc3 Qe8 8. d5 Na6 9. Be2 Bd7 10. O-O c6 11. Bh2 Nc7 12. Qb3 Rb8 13. Nd4 c5 14. Ndb5 Nxb5 15. Nxb5 a6 16. Nc3 b5 17. Qc2 h6 18. b3 Ne4 19. Nxe4 Bxa1 20. Rxa1 fxe4 21. Qxe4 Qf7 22. Bg3 Kg7 23. Qc2 b4 24. Rf1 Qf6 25. e4 a5 26. Bd3 Qc3 27. Qe2 a4 28. Bc2 axb3 29. Bxb3 Ra8 30. e5 Ra6 31. exd6 exd6 32. Qe7+ Rf7 33. Qd8 Qf6 34. Qb8 h5 35. h4 Ba4 36. Re1 Bxb3 37. axb3 Re7 38. Rxe7+ Qxe7 39. Kh2 Kh7 40. f3 Ra3 41. Bxd6 Qxh4+ 42. Kg1 Ra1# 0-1


[Site "https://www.chess.com"]

[Event "Titled Tuesday Blitz August 16 Late 2022"]
[White "Melikhov, Evgeny V."]
[Black "Alexikov, Alexander"]
[WhiteFideId "4122046"]
[BlackFideId "14103958"]
[WhiteElo "1963"]
[BlackElo "2253"]
[Result "0-1"]
[Round "11"]
[TimeControl "180+1"]
[Date "2022.08.18"]
[WhiteClock "0:00:00"]
[BlackClock "0:00:00"]

1. d4 Nf6 2. c4 g6 3. Nc3 Bg7 4. e4 d6 5. f3 O-O 6. Be3 Nc6 7. Nge2 a6 8. Qd2 Rb8 9. Bh6 b5 10. Bxg7 Kxg7 11. Ng3 e5 12. d5 Nd4 13. O-O-O Bd7 14. h4 h5 15. Nge2 Nxe2+ 16. Bxe2 bxc4 17. g4 Rb4 18. g5 Nh7 19. f4 Qe7 20. f5 gxf5 21. Bxh5 f4 22. Bf3 Rfb8 23. Rdg1 c6 24. Nd1 cxd5 25. exd5 Bf5 26. h5 Nxg5 27. h6+ Kh7 28. Bg4 Bg6 29. Bh5 Qf6 30. Bxg6+ fxg6 31. Qg2 Nf7 32. Rh3 Qf5 33. Rc3 e4 0-1


[Site "https://www.chess.com"]

[Event "Titled Tuesday Blitz August 16 Late 2022"]
[White "Melikyan, Gnel"]
[Black "Goncalves, Davi Sulzbacher"]
[WhiteFideId "54109990"]
[BlackFideId "2154510"]
[WhiteElo "1772"]
[BlackElo "2107"]
[Result "1-0"]
[Round "11"]
[TimeControl "180+1"]
[Date "2022.08.16"]
[WhiteClock "0:01:49"]
[BlackClock "0:00:23"]

1. e4 c5 2. Nf3 Nc6 3. Bb5 Na5 4. O-O a6 5. Be2 b5 6. d4 e6 7. a3 Bb7 8. dxc5 Bxe4 9. b4 Nc4 10. Nbd2 Bd5 11. Nxc4 bxc4 12. Re1 a5 13. Bf4 axb4 14. axb4 Nf6 15. Qd4 Be7 16. Ne5 d6 17. cxd6 Bxd6 18. Bxc4 O-O 19. Bd3 Qb8 20. c4 Qxb4 21. Nc6 Bxc6 22. Bxd6 Rxa1 23. Bxb4 1-0


[Site "https://www.chess.com"]

[Event "Titled Tuesday Blitz August 16 Late 2022"]
[White "Mickiewicz, Piotr"]
[Black "Ambartsumova, Karina"]
[WhiteFideId "1114891"]
[BlackFideId "4166299"]
[WhiteElo "2266"]
[BlackElo "2262"]
[Result "1/2-1/2"]
[Round "11"]
[TimeControl "180+1"]
[Date "2022.08.18"]
[WhiteClock "0:00:00"]
[BlackClock "0:00:00"]

1. e4 e5 2. Nf3 d5 3. exd5 e4 4. Nd4 Qxd5 5. Nb3 Bd6 6. Nc3 Qe5 7. Nb5 Nf6 8. Nxd6+ Qxd6 9. d3 O-O 10. dxe4 Qxd1+ 11. Kxd1 Nxe4 12. Be3 Rd8+ 13. Bd3 Nc6 14. Ke2 Nf6 15. Rhe1 Nd5 16. Bd2 Ndb4 17. Bxb4 Nxb4 18. Rad1 Bg4+ 19. f3 Be6 20. Nc5 Nxd3 21. Nxe6 Nxe1 22. Rxd8+ Rxd8 23. Nxd8 Nxg2 24. Nxb7 Kf8 25. a4 Ke7 26. b4 Nf4+ 27. Kd2 g5 28. c4 h5 29. c5 Nd5 30. b5 g4 31. fxg4 hxg4 32. Na5 f5 33. Nc6+ Kd7 34. Nxa7 f4 35. Nc6 g3 36. hxg3 fxg3 37. Ke2 Nc3+ 38. Kf3 Nxa4 39. Nb8+ Ke6 40. Na6 Kd5 41. Nxc7+ Kxc5 42. Kxg3 Nc3 43. Ne6+ Kxb5 1/2-1/2


[Site "https://www.chess.com"]